wizbiz, neutral female human Wizard # ------- -.-------------- |......# #...............| |.....|### ###|.*..........*.| #......| # # |..............| ###|.....| ######## #.............%.| # |.....-# # -------------@-- ### -------# # #B# # # # # # # # ### ---------------# # # # |..............# # # ### |.............| ### # # |.............| #--------# |.....>.......| #|......|# |.............-## #.......|# --------------- |......|# |<......# -------- wizbiz the Conjurer Experience level: 3 Strength: 11 Dexterity: 11 Constitution: 13 Intelligence: 18 Wisdom: 13 Charisma: 10 Health: 0(25) Energy: 15(18) Def: 3 Gold: 79 Moves: 1214 Dungeon seed: yuMo5xRd57BILKDq Game ID: wizbiz_1525801603 Your Inventory: Coins $ - 79 gold pieces Weapons a - a blessed +2 quarterstaff (weapon in hands) w - a +0 orcish spear Armor e - an uncursed +0 cloak of magic resistance (being worn) q - an uncursed +1 orcish helm (being worn) Comestibles t - an uncursed food ration u - an uncursed orange Scrolls i - 2 uncursed scrolls of destroy armor o - an uncursed scroll of teleportation s - a blessed scroll of teleportation v - an uncursed scroll of confuse monster Spellbooks k - a blessed spellbook of force bolt l - an uncursed spellbook of healing Potions f - an uncursed potion of booze g - an uncursed potion of healing h - an uncursed potion of sickness m - an uncursed potion of object detection p - an uncursed potion of acid r - a blessed potion of full healing Rings c - an uncursed ring of shock resistance (on left hand) d - an uncursed ring of warning (on right hand) Wands b - a wand of locking (0:5) Gems n - 2 uncursed worthless pieces of yellowish brown glass Spells and supernatural/magical abilities: Name Level Category Fail Memory a - force bolt 1 attack 0% 94% h - healing 1 healing 0% 94% W - pray for help -- divine ? -- Your skills at the end: Fighting Skills Weapon Skills quarterstaff [Basic] Spellcasting Skills attack spells [Basic] enchantment spells [Basic] Final Attributes: You were devoutly aligned. You were shock resistant. You were magic-protected. You were warned. You are dead. Vanquished creatures: a kitten a red mold 2 geckos 3 jackals 2 foxes a kobold 3 goblins 3 sewer rats 5 grid bugs a newt 22 creatures vanquished. Voluntary challenges: You were an atheist. You used a wielded weapon 21 times, starting on turn 46. You read items or engraved 1 time, starting on turn 3. You never genocided any monsters. You never polymorphed an object. You never changed form. You used no wishes. You never split a pudding. You never wrote Elbereth's name. You never violated your personal moral code. Dungeon overview: The Dungeons of Doom: levels 1 to 3 Level 1 a fountain a long staircase Level 2 stairs to The Gnomish Mines Level 3 <- You were here The Gnomish Mines: Level 3 stairs to The Dungeons of Doom History has recorded: On T:1 you entered the Dungeons of Doom to retrieve the Amulet of Yendor! On T:246 you reached level 2 of The Dungeons of Doom. On T:383 you advanced to experience level 2. On T:447 you reached level 1 of The Gnomish Mines. On T:471 you reached level 3 of The Dungeons of Doom. On T:801 you advanced to experience level 3. Score breakdown: Gold: 79 ( 6473 points) Experience: 3 levels ( 7878 points) Exploration: 3 levels ( 6.38%) ( 6255 points) Discoveries: 0 items ( 0.00%) ( 0 points) Valuables value: (no points given unless you survive) Artifact value: 0 ( 0 points) Variety of kills: 10 monsters ( 2.62%) ( 4860 points) Turncount: 1214 turns ( 0 points) Survival: died (score multiplied by 80%) Total score: 20372 Latest messages: w - a crude spear. You displace your kitten. You hear the chime of a cash register. You displace your kitten. Click! You trigger a rolling boulder trap! You are hit by a boulder. Click! The kitten triggers a rolling boulder trap. The boulder hits the kitten! The kitten is killed! You are beginning to feel hungry. You see here a kitten corpse. Click! You trigger a rolling boulder trap! Fortunately for you, no boulder was released. You stop exploring. The gecko bites! You kill the gecko! You see here 40 rocks. You stop exploring. The giant bat bites! (2x) You hit the giant bat. The giant bat bites! (2x) You hit the giant bat. The giant bat bites! You die... Final status: Goodbye wizbiz the Wizard, killed by a giant bat... You died in The Dungeons of Doom on dungeon level 3 with 20372 points, and 79 pieces of gold, after 1214 moves. You were level 3 with a maximum of 25 hit points when you died.